 Dungeon Crawl Stone Soup version 0.22-a0-567-gff9aefc (webtiles) character file.

65 galech the Skirmisher (level 4, 0/49 HPs)
             Began as an Ogre Berserker on June 29, 2018.
             Was a Believer of Trog.
             Slain by Robin
             ... wielding a +0 whip
              (3 damage)
             ... on level 2 of the Dungeon.
             The game lasted 00:01:08 (1117 turns).

galech the Skirmisher (Ogre Berserker)              Turns: 1117, Time: 00:01:09

Health: 0/49       AC:  3    Str: 22    XL:     4   Next: 14%
Magic:  4/4        EV: 10    Int:  8    God:    Trog [**....]
Gold:   38         SH:  0    Dex:  8    Spells: 3/3 levels left

rFire    . . .     SeeInvis .   a - +0 mace
rCold    . . .     Gourm    .   (no shield)
rNeg     . . .     Faith    .   b - +0 animal skin
rPois    .         Spirit   .   (helmet restricted)
rElec    .         Reflect  .   (no cloak)
rCorr    .         Harm     .   (gloves unavailable)
MR       .....                  (boots unavailable)
Stlth    +.........             (no amulet)
HPRegen  0.16/turn              (no ring)
MPRegen  0.09/turn              (no ring)

@: lethally poisoned (0 -> 0), berserk cooldown, slowed, very slow
A: large, unfitting armour, tough skin 1
a: Berserk, Trog's Hand, Renounce Religion


You were on level 2 of the Dungeon.
You worshipped Trog.
Trog was pleased with you.
You were hungry.

You visited 1 branch of the dungeon, and saw 2 of its levels.

You collected 38 gold pieces.

Inventory:

Hand Weapons
 a - a +0 mace (weapon)
Armour
 b - a +0 animal skin (worn)
Scrolls
 d - 4 scrolls of identify {unknown}
 f - 2 scrolls of enchant weapon {unknown}
 g - a scroll of enchant armour {unknown}
Potions
 e - a potion of lignification {unknown}
 h - a potion of curing {unknown}
Comestibles
 c - 3 rations
 i - 2 chunks of flesh


   Skills:
 + Level 4.7 Fighting
 + Level 3.6 Maces & Flails
 + Level 3.2 Dodging


You had 3 spell levels left.
You didn't know any spells.
Your spell library was empty.

Dungeon Overview and Level Annotations

Branches:
Dungeon (2/15)

Altars:

Annotations:
D:2 Robin


Innate Abilities, Weirdness & Mutations

You are too large for most types of armour.
You have tough skin. (AC +1)


Message History

The goblin hits you but does no damage. Robin hits you with a whip.
The goblin barely misses you. Robin barely misses you.
You barely miss Robin.
Robin is lightly wounded.
You feel sick. The goblin closely misses you. Robin hits you with a whip!
* * * LOW HITPOINT WARNING * * *
The goblin barely misses you. Robin hits you with a whip.
* * * LOW HITPOINT WARNING * * *
You hit Robin.
Robin is moderately wounded.
The goblin hits you.
* * * LOW HITPOINT WARNING * * *
Robin barely misses you. The goblin misses you. Robin hits you with a whip.
* * * LOW HITPOINT WARNING * * *
You barely miss Robin.
Robin is moderately wounded.
You feel sick. The goblin hits you.
* * * LOW HITPOINT WARNING * * *
Robin hits you with a whip.
You die...

.# ## #.......#
#### #.......#
...# #.......#
##.# #.......# #.#
#.......#
#.#####.#.......#
#..<....#......g#
######### #@# #g#
#)# #.# #.#
#########.#
########.........#
#........#########
#.########


You could see Robin and a goblin.

Vanquished Creatures
  2 adders (D:2)
  A worm (D:2)
  A leopard gecko (D:1)
  2 bats
  A giant cockroach (D:1)
  10 goblins
  6 hobgoblins
  3 jackals (D:2)
  A quokka (D:2)
  4 frilled lizards
  4 kobolds (D:1)
  5 rats
40 creatures vanquished.

Notes
Turn   | Place    | Note
-------+----------+-------------------------------------------
     0 | D:1      | galech the Ogre Berserker began the quest for the Orb.
     0 | D:1      | Reached XP level 1. HP: 24/24 MP: 1/1
   155 | D:1      | Reached XP level 2. HP: 32/32 MP: 2/2
   871 | D:2      | Reached XP level 3. HP: 34/40 MP: 3/3
   878 | D:2      | Reached ** piety under Trog
  1086 | D:2      | Noticed Robin
  1105 | D:2      | Reached XP level 4. HP: 49/49 MP: 4/4
  1117 | D:2      | Slain by Robin

Vault maps used:
D:1:      lightli_arrival_isolated_outpost, minmay_misc_feat_encased
D:2:      nicolae_overflow_hidden_temple, uniq_crazy_yiuf_cottage, uniq_robin,
          uniq_terence

Skill      XL: |  1  2 |
---------------+-------+-----
Maces & Flails | 3 |  3.6
Dodging        | 3 |  3.2
Fighting       | |  4.7

Action                   |  1- 3 |  4- 6 || total
-------------------------+-------+-------++-------
Melee: Mace              |    92 |    11 ||   103
Invok: Berserk           |     1 |       ||     1
  Eat: Chunk             |     1 |       ||     1
Armor: Animal skin       |    29 |     2 ||    31
Dodge: Dodged            |    67 |    16 ||    83

Table legend:
 A = Spawn XP
 B = Non-spawn XP
 C = Spawn XP percentage of total XP
 D = Spawn monster count
 E = Non-spawn monster count
 F = Spawn count percentage of total count
 G = Total turns spent on level
                    A         B        C        D         E        F      G
               +---------+---------+-------+---------+---------+-------+---------
         Total |       0 |      94 |   0.0 |       0 |      40 |   0.0 |  1117
               +---------+---------+-------+---------+---------+-------+---------
           D:1 |       0 |      28 |   0.0 |       0 |      17 |   0.0 |   848
           D:2 |       0 |      66 |   0.0 |       0 |      23 |   0.0 |   269
               +---------+---------+-------+---------+---------+-------+---------
